 Seeded DCSS version 0.32-a0-7-ge934b4519a (webtiles) character file.

Game seed: 10180193555049209078 (custom seed)

2416 voltaire321 the Spear-Bearer (level 9, 0/52 (63) HPs)
             Began as a Merfolk Gladiator on Jan 14, 2024.
             Was a Follower of Hepliaklqana.
             Slain by Jeremiah
             ... wielding a +3 trident of draining
              (8 damage)
             ... on level 6 of the Dungeon.
             The game lasted 00:15:46 (4648 turns).

voltaire321 the Spear-Bearer (Merfolk Gladiator)    Turns: 4648, Time: 00:15:47

HP:   0/52 (63)     AC:  9    Str: 20    XL:     9   Next: 47%
MP:   12/12         EV: 14    Int: 11    God:    Hepliaklqana [*.....]
Gold: 288           SH: 11    Dex: 16    Spells: 8/8 levels left

rFire   . . .        a - +0 trident
rCold   . . .        p - +0 kite shield
rNeg    . . .        m - +0 ring mail
rPois   .            c - +0 helmet
rElec   .            (no cloak)
rCorr   .            o - +1 pair of gloves
SInv    .            (no boots)
Will    .....        (no amulet)
Stlth   +            f - +4 ring of slaying
HPRegen 0.28/turn    h - +6 ring of strength
MPRegen 0.13/turn

%: no passive effects
@: heavily drained
A: reduced essence, (nimble swimmer 2), mertail
a: Renounce Religion, Recall Ancestor, Ancestor Identity


You were on level 6 of the Dungeon.
You worshipped Hepliaklqana.
Hepliaklqana was aware of your devotion.
You visited 2 branches of the dungeon, and saw 7 of its levels.
You also visited: Sewer.

You collected 288 gold pieces.

Inventory:

Hand Weapons
 a - a +0 trident (weapon)
Missiles
 d - 4 throwing nets
 e - a javelin
 j - 3 darts of dispersal
 k - 10 boomerangs (quivered)
Armour
 c - a +0 helmet (worn)
 m - a +0 ring mail (worn)
 n - a +2 chain mail of positive energy
 o - a +1 pair of gloves (worn)
 p - a +0 kite shield (worn)
Jewellery
 f - a +4 ring of slaying (left hand)
 h - a +6 ring of strength (right hand)
 x - a +4 ring of protection
Wands
 s - a wand of charming (2)
Scrolls
 g - a scroll of amnesia
 i - 3 scrolls of identify
 l - a scroll of immolation
 q - a scroll of fear
 w - a scroll of blinking
 y - a scroll of teleportation
Potions
 b - a potion of mutation
 r - 3 potions of curing
 t - 3 potions of cancellation
 u - a potion of resistance
 v - a potion of berserk rage {unknown}
 z - 2 potions of haste


   Skills:
 + Level 6.8 Fighting
 + Level 8.8 Polearms
 - Level 6.0 Throwing
 + Level 4.2 Armour
 + Level 8.5 Dodging
 * Level 7.4 Shields
 + Level 5.1 Invocations


You had 8 spell levels left.
You didn't know any spells.
Your spell library was empty.

Dungeon Overview and Level Annotations

Branches:
Dungeon (6/15)             Temple (1/1) D:4           Sewer (visited)

Altars:
Ashenzari
Cheibriados
Elyvilon
Fedhas
Gozag
Hepliaklqana
Makhleb
Okawaru
Qazlal
Ru
Sif Muna
Uskayaw
Vehumet
Wu Jian
Xom
Yredelemnul
Zin

Annotations:
D:6 Edmund, Jeremiah


Innate Abilities, Weirdness & Mutations

Your life essence is reduced to manifest your ancestor. (-10% HP)
((You are very nimble when in or above water. (Stealth+, EV+, Speed+++)))
Your lower body shifts to a powerful aquatic tail in water.


Message History

Jeremiah hits Appius with a +3 trident of draining!
Appius hits Jeremiah!
Jeremiah hits Appius with a +3 trident of draining!
Appius is destroyed!
Jeremiah shouts!
The butterfly disappears in a burst of colours!
The butterfly disappears in a burst of colours!
Found 10 gold pieces.
Found a scroll of enchant armour.
You now have 288 gold pieces (gained 10).
Edmund the Younger comes into view.
He is wielding a +0 flail of protection.
Edmund shouts!
Found a long sword.
Aiming: Charm
Press: ? - help, Shift-Dir - straight line, f - Edmund
Aim: Edmund, wielding a +0 flail of protection and wearing a +0 chain mail (chance to affect: 49%) Edmund resists with some effort.
Aiming: Charm
Press: ? - help, Shift-Dir - straight line, f/p - Edmund
Aim: Edmund, wielding a +0 flail of protection and wearing a +0 chain mail (chance to affect: 49%) Edmund is charmed.
Jeremiah hops!
Jeremiah mumbles a slurred invocation.
Something smites you!
You barely miss Jeremiah.
Jeremiah is severely wounded.
Edmund barely misses the butterfly.
Jeremiah hits you with a +3 trident of draining!
* * * LOW HITPOINT WARNING * * *
You feel drained.
* * * LOW HITPOINT WARNING * * *
You block Jeremiah's attack.
Reach: a) +0 trident
Press: ? - help, Dir - move target, f - Jeremiah, p - Edmund
Aim: Jeremiah, wielding a +3 trident of draining, wearing a +0 robe and wearing an orb of mayhem (severely wounded, ally target, about 36% to evade your +0 trident)
The butterfly is in the way.
You miss the butterfly.
Edmund barely misses Jeremiah.
Jeremiah hits you from afar with a +3 trident of draining!
You die...
Jeremiah says, "O terrible one, your will is done."

#.........# .........#
#........b+ .........#
#......b..####+###....##
#...............##....#
#...............#......
#.......bb...b..#......
#......b.bFb....#......
#.......bb@b....#
#..........@.b..#
####.###........# °..
###......# .. ###......#
..........# ..##.......#
##....?.# #......#
#......#


You could see Jeremiah (ally target) and the friendly Edmund (charmed).

Vanquished Creatures
  Grinder (D:4)
  Pargi (Sewer)
  3 ogres
  A brain worm (Sewer)
  A wyvern zombie (D:5)
  A scorpion (D:5)
  A bullfrog zombie (D:5)
  3 hounds (D:5)
  2 orc priests (D:5)
  A centaur zombie (D:5)
  A jelly (D:4)
  2 iguanas
  A sleepcap (D:4)
  2 orc wizards
  A killer bee zombie (D:5)
  2 hound zombies (D:5)
  8 gnolls
  9 adders
  2 ufetubi (D:5)
  3 dart slugs
  A ribbon worm (D:4)
  9 orcs
  10 ball pythons
  2 bats (D:1)
  6 endoplasms
  5 giant cockroaches
  3 goblins
  5 hobgoblins
  2 jackals (D:2)
  3 kobolds (D:4)
  6 frilled lizards
  4 rats
102 creatures vanquished.

Vanquished Creatures (collateral kills)
  An ice beast (D:6)
1 creature vanquished.

Vanquished Creatures (others)
  An ancestor (D:6)
1 creature vanquished.

Grand Total: 104 creatures vanquished

Notes
Turn   | Place    | Note
-------+----------+-------------------------------------------
     0 | D:1      | voltaire321 the Merfolk Gladiator began the quest for the
                  | Orb.
     0 | D:1      | Reached XP level 1. HP: 16/16 MP: 1/1
    91 | D:1      | Reached XP level 2. HP: 23/23 MP: 2/2
   638 | D:2      | Found a faded altar of an unknown god.
   688 | D:2      | Reached XP level 3. HP: 28/28 MP: 3/3
  1076 | D:2      | Found a snail-covered altar of Cheibriados.
  1316 | D:2      | Reached skill level 1 in Armour
  1316 | D:2      | Reached XP level 4. HP: 24/34 MP: 4/4
  1428 | D:3      | Noticed an ogre
  1440 | D:3      | Killed an ogre
  1441 | D:3      | Reached skill level 5 in Polearms
  1441 | D:3      | Reached XP level 5. HP: 13/41 MP: 5/5
  1483 | D:3      | Reached skill level 5 in Dodging
  2004 | D:4      | Reached XP level 6. HP: 39/47 MP: 6/6
  2067 | D:4      | Found a staircase to the Ecumenical Temple.
  2082 | D:4      | Noticed Grinder
  2083 | D:4      | Paralysed by Grinder for 2 turns
  2088 | D:4      | Paralysed by Grinder for 4 turns
  2098 | D:4      | Paralysed by Grinder for 5 turns
  2106 | Temple   | Entered the Ecumenical Temple
  2229 | D:4      | Killed Grinder
  2230 | D:4      | Reached XP level 7. HP: 50/53 MP: 7/7
  2255 | Temple   | Became a worshipper of Hepliaklqana the Forgotten
  3103 | D:5      | Entered Level 5 of the Dungeon
  3103 | D:5      | Found an ornate altar of the Wu Jian Council.
  3174 | D:5      | Reached skill level 1 in Invocations
  3273 | D:5      | Found a glowing drain.
  3282 | Sewer    | Entered a sewer
  3311 | Sewer    | Noticed Pargi
  3372 | Sewer    | Killed Pargi
  3373 | Sewer    | Reached XP level 8. HP: 50/61 MP: 6/9
  3605 | D:5      | Reached XP level 9. HP: 71/71 MP: 9/12
  3744 | D:5      | Found a blossoming altar of Fedhas.
  3793 | D:5      | Reached skill level 5 in Invocations
  3874 | D:5      | Found a basalt altar of Yredelemnul.
  4145 | D:5      | Reached * piety under Hepliaklqana
  4577 | D:6      | Noticed Jeremiah
  4636 | D:6      | Noticed Edmund
  4648 | D:6      | Slain by Jeremiah

Illustrated notes

Levels and vault maps discovered:
D:1:      sevenhm_arrival_forest_fort_small_1, layout_basic,
          hangedman_abyss_or_decor_lesser_grid
D:2:      layout_basic, hellmonk_ecumenical_altar_blasted, basic_altar
D:3:      layout_rooms
D:4:      layout_loops_ring, minmay_temple_entry_stoned_glass,
          minmay_door_square, uniq_grinder
D:5:      layout_cave_pods, nicolae_yredelemnul_corpse_copse,
          lemuel_crystal_altar, mainiacjoe_overflow_tiny_flanked,
          portal_sewer_entry_b
D:6:      layout_gridville, nemelex_spade_bored_becter,
          mainiacjoe_overflow_brackets, nicolae_kikubaaqudgha_miasma_corner,
          uniq_duvessa, uniq_jeremiah, uniq_edmund
Temple:   compressed_dpeg_circular_temple

Skill      XL: |  1  2  3  4  5  6  7  8  9 |
---------------+----------------------------+-----
Armour         | 1 2 4 |  4.2
Fighting       | 3 4 6 |  6.8
Polearms       | 5 6 8 |  8.8
Throwing       | 3 6 |  6.0
Dodging        | 5 6 8 |  8.5
Shields        | 2 3 7 |  7.4
Invocations    | 1 4 5 |  5.1

Action                     |  1- 3 |  4- 6 |  7- 9 || total
---------------------------+-------+-------+-------++-------
  Melee: Trident           |    59 |    72 |   198 ||   329
         Tailslap          |       |       |     2 ||     2
  Throw: Throwing net      |     1 |       |       ||     1
         Javelin           |       |     1 |       ||     1
         Boomerang         |       |       |    23 ||    23
 Invoke: Ancestor Identity |       |       |     1 ||     1
  Evoke: Wand              |       |       |     2 ||     2
    Use: Scroll            |     1 |       |    13 ||    14
         Potion            |       |     3 |     1 ||     4
   Stab: Distracted        |       |       |     1 ||     1
 Armour: Leather armour    |     4 |       |       ||     4
         Ring mail         |    10 |    26 |    69 ||   105
  Dodge: Dodged            |    21 |    25 |    76 ||   122
  Block: Kite shield       |       |     7 |    92 ||    99

Table legend: (Time is in decaauts)
 A = Elapsed time spent in this place.
 B = Non-inter-level travel time spent in this place.
 C = Inter-level travel time spent in this place.
 D = Time resting spent in this place.
 E = Time spent auto-exploring this place.
 F = Levels seen in this place.
 G = Mean time per level.
                   A        B        C        D        E       F      G
               +--------+--------+--------+--------+--------+-----+--------+
         Total |   4613 |   4474 |    139 |    563 |   2710 |   8 |  576.6 |
       Dungeon |   4224 |   4085 |    139 |    421 |   2616 |   6 |  704.0 |
        Temple |    137 |    137 |      0 |    116 |      0 |   1 |  137.0 |
         Sewer |    251 |    251 |      0 |     26 |     94 |   1 |  251.0 |
               +--------+--------+--------+--------+--------+-----+--------+

Top non-repeatable levels by time:
     D:5: 1073 daAuts
     D:4: 1028 daAuts
     D:2: 816 daAuts
     D:3: 594 daAuts
     D:1: 562 daAuts
   Sewer: 251 daAuts
     D:6: 148 daAuts
  Temple: 137 daAuts
